 Dungeon Sprint DCSS version 0.28.0-43-g3370ac3207 (webtiles) character file.

Game seed: 9268151867670096635

135079 boopmooplesden the Minotaur Porcupine (level 15, -5/173 HPs)
             Began as a Minotaur Berserker on Mar 22, 2022.
             Was a High Priest of Trog.
             Slain by Mennas
             ... wielding a +2 sacred scourge of holy wrath
              (6 damage)
             ... in the Dungeon (Sprint III: "The Ten Rune Challenge").
             The game lasted 00:30:21 (11246 turns).

boopmooplesden the Minotaur Porcupine (MiBe)       Turns: 11246, Time: 00:30:22

Health: -5/173     AC: 28    Str: 23    XL:     15   Next: 51%
Magic:  14/14      EV: 16    Int:  6    God:    Trog [*****.]
Gold:   1204       SH: 24    Dex: 23    Spells: 14/14 levels left

rFire   + + .      SeeInvis +   K - +10 demon trident of Midwinter {vorpal, rC++}
rCold   + + +      Faith    .   k - +0 tower shield {reflect}
rNeg    . . .      Spirit   .   A - +0 plate armour of Least Resistance {*Slow rC+ rCorr Dex+2}
rPois   +          Reflect  +   F - +2 hat
rElec   +          Harm     .   I - scarf {rC+ rF+}
rCorr   +          Rampage  .   L - +2 pair of gloves
Will    +....      NoTele   +   (no boots)
Stlth   +.........              z - amulet of the City {RegenMP Fragile rElec rPois Dex+5}
HPRegen 0.38/turn               C - ring of see invisible
MPRegen 0.54/turn               D - ring of protection from fire

@: on berserk cooldown, glowing, studying Throwing, silenced
A: horns 2, retaliatory headbutt, iridescent scales 1, agile 1
}: 3/10 runes: decaying, serpentine, silver
a: Renounce Religion


You were in the Dungeon.
You worshipped Trog.
Trog was extremely pleased with you.
You visited 1 branch You collected 3516 gold pieces.
You spent 2312 gold pieces at shops.

Inventory:

Hand Weapons
 a - a +0 spear
 c - the +7 spear "Ecehuwku" {vorpal, rElec Will++ Str-3 Dex+4}
   (Trog gifted it to you in the Dungeon)

   It inflicts extra damage upon your enemies.
   Str:       It affects your strength (-3).
   Dex:       It affects your dexterity (+4).
   rElec:     It insulates you from electricity.
   Will:      It greatly increases your willpower.
 d - a +2 trident of venom
 e - a +4 spear of flaming
 l - the +3 trident of Moderation {flame, Will+ Dex+4 Stlth+}
   (Trog gifted it to you in the Dungeon)

   It burns those it strikes, dealing additional fire damage.
   Dex:       It affects your dexterity (+4).
   Will:      It increases your willpower.
   Stlth:     It makes you more stealthy.
 q - a +2 long sword of holy wrath
 t - a +3 vorpal glaive
 u - a +3 great sword
 x - a +6 antimagic halberd
 K - the +10 demon trident of Midwinter (weapon) {vorpal, rC++}
   (Trog gifted it to you in the Dungeon)

   It inflicts extra damage upon your enemies.
   rC:        It greatly protects you from cold.
 P - a +2 demon trident of venom
 V - the +7 spear "Dragonslayer" {venom, Dex+4 SInv}
   (You found it in the Dungeon)

   It poisons the flesh of those it strikes.
   Dex:       It affects your dexterity (+4).
   SInv:      It lets you see invisible.
 Z - the +9 halberd "Zemiuxzu" {vorpal, rC+}
   (Trog gifted it to you in the Dungeon)

   It inflicts extra damage upon your enemies.
   rC:        It protects you from cold.
Missiles
 v - 6 javelins (quivered)
Armour
 b - a +0 animal skin
 i - a +0 robe
 k - a +0 tower shield of reflection (worn)
 s - a +1 chain mail of cold resistance
 y - +0 swamp dragon scales
 A - the +0 plate armour of Least Resistance (worn) {*Slow rC+ rCorr Dex+2}
   (You bought it in a shop in the Dungeon)

   Dex:       It affects your dexterity (+2).
   rC:        It protects you from cold.
   rCorr:     It protects you from acid and corrosion.
   *Slow:     It may slow you when you take damage.
 B - a +2 buckler of cold resistance
 E - a +1 plate armour of fire resistance
 F - a +2 hat (worn)
 I - a scarf of resistance (worn)
 L - a +2 pair of gloves (worn)
Jewellery
 n - a ring of protection from fire
 z - the amulet of the City (around neck) {RegenMP Fragile rElec rPois Dex+5}
   (You bought it in a shop in the Dungeon)

   [amulet of magic regeneration]

   It increases your rate of magic regeneration.
   Dex:       It affects your dexterity (+5).
   rElec:     It insulates you from electricity.
   rPois:     It protects you from poison.
   Fragile:   It will be destroyed if unequipped.
 C - a ring of see invisible (left hand)
 D - a ring of protection from fire (right hand)
 G - the amulet of Woinuef {RegenMP rPois rC+ Str+7 Slay-3}
   (You found it in the Dungeon)

   [amulet of magic regeneration]

   It increases your rate of magic regeneration.
   Str:       It affects your strength (+7).
   Slay:      It affects your accuracy & damage with ranged weapons and melee
   (-3).
   rC:        It protects you from cold.
   rPois:     It protects you from poison.
 J - a ring of ice
 U - a ring of flight
 X - an amulet of the acrobat
Wands
 j - a wand of iceblast (16)
 S - a wand of digging (6)
Scrolls
 h - a scroll of blinking
 w - 3 scrolls of silence
 H - 2 scrolls of fog
 N - a scroll of enchant weapon
 R - a scroll of fear
 T - a scroll of acquirement
Potions
 f - 2 potions of magic
 g - a potion of berserk rage
 m - 4 potions of flight
 o - a potion of degeneration
 p - a potion of lignification
 Q - a potion of ambrosia
Miscellaneous
 r - a lightning rod (3/4)
 O - a condenser vane
 W - a piece from Xom's chessboard (15/15)
 Y - a tin of tremorstones (1/2)


   Skills:
 + Level 26.8 Fighting
 O Level 27 Polearms
 + Level 24.0 Armour
 + Level 14.2 Dodging
 * Level 15.2 Stealth
 + Level 20.7 Shields
 + Level 3.9 Evocations


You had 14 spell levels left.
You didn't know any spells.
Your spell library was empty.

Dungeon Overview and Level Annotations

Branches:
Dungeon (1/1)

Altars:
Cheibriados
Dithmenos
Elyvilon
Fedhas
Gozag
Hepliaklqana
Kikubaaqudgha
Makhleb
Nemelex Xobeh
Okawaru
Qazlal
Ru
Sif Muna
Trog
Uskayaw
Vehumet
Wu Jian
Xom
Yredelemnul
Zin
The Shining One
Beogh
Jiyva
Lugonu

Shops:
D :![==[!!=*([(((?*:

Annotations:
D Mennas


Innate Abilities, Weirdness & Mutations

You have a pair of horns on your head.
You reflexively headbutt those who attack you in melee.
You are partially covered in iridescent scales. (AC +2)
You are agile. (Dex +2)


Message History

Mennas hits you with a +2 sacred scourge of holy wrath!
* * * LOW HITPOINT WARNING * * *
Mennas hits you with a +2 sacred scourge of holy wrath.
* * * LOW HITPOINT WARNING * * *
Mennas hits you with a +2 sacred scourge of holy wrath!
* * * LOW HITPOINT WARNING * * *
You block Mennas's attack. x2
Press: ? - help, v - describe, . - travel A metal wall.
This square is shrouded in silence and is lit by a halo.
The tremorstone explodes into fragments!
The burst of rock shards engulfs Mennas!
The burst of rock shards engulfs you but does no damage.
The burst of rock shards engulfs Mennas but does no damage.
You block Mennas's attack. Mennas hits you but does no damage.
Unknown command.
Mennas blocks your attack.
You headbutt Mennas, but do no damage.
Mennas is heavily wounded.
Mennas hits you with a +2 sacred scourge of holy wrath.
* * * LOW HITPOINT WARNING * * *
Mennas barely misses you.
Okay, then.
You closely miss Mennas.
Mennas is heavily wounded.
You block Mennas's attack.
Mennas hits you with a +2 sacred scourge of holy wrath.
* * * LOW HITPOINT WARNING * * *
Mennas blocks your attack.
Mennas is heavily wounded.
Mennas completely misses you. You furiously retaliate!
You headbutt Mennas, but do no damage. You block Mennas's attack.
Mennas blocks your attack.
Your headbutt misses Mennas.
Mennas is heavily wounded.
You block Mennas's attack.
Mennas hits you with a +2 sacred scourge of holy wrath.
* * * LOW HITPOINT WARNING * * *
You impale Mennas!! Your headbutt misses Mennas.
Mennas is severely wounded.
Mennas hits you with a +2 sacred scourge of holy wrath.
You die...

.....# ♣.♣≈..§≈§P≈♣
#.#.#.#.#.... .....#
♣♣♣♣♣♣♣♣∩∩∩♣
#............ ######
♣♣♣♣♣ #............
##### ########'#########
....≈ #...###...## #§≈≈§
.....≈#...##.....## #.§§
......#[###....)..###...
......'.A.).......')))..
......#@###.......#####.
.....≈#≈≈≈##.....## ##
....≈ #'#'###...## #
#++## #.#.# ##+## #'###
#!(+ ####


You could see Mennas (silencing).

Vanquished Creatures
  Boris (D)
  the Lernaean hydra (D)
  A golden dragon (D)
  Rupert (D)
  2 liches (D)
  A quicksilver dragon (D)
  Chuck (D)
  3 shadow dragons (D)
  A nagaraja (D)
  A frost giant (D)
  A fire giant (D)
  2 stone giants (D)
  2 vampire knights (D)
  2 dire elephants (D)
  An iron golem (D)
  A fire dragon (D)
  A yaktaur captain (D)
  Erolcha (D)
  13 vault guards (D)
  3 hydras (D)
  A naga warrior (D)
  An ogre mage (D)
  2 centaur warriors (D)
  7 anacondas (D)
  4 death yaks (D)
  4 dancing weapons (D)
  Urug (D)
  4 hell knights (D)
  A titan zombie (D)
  3 skeletal warriors (D)
  A death drake (D)
  A deep troll (shapeshifter) (D)
  4 anaconda zombies (D)
  2 swamp dragons (D)
  A spriggan druid (D)
  A lindwurm (shapeshifter) (D)
  A lindwurm (D)
  3 ugly things (D)
  2 obsidian statues (D)
  A deep elf pyromancer (D)
  4 crystal guardians (D)
  A faun (shapeshifter) (D)
  A moth of wrath (shapeshifter) (D)
  2 elephants (D)
  5 black mambas (D)
  A molten gargoyle (D)
  A guardian serpent (D)
  4 statues (D)
  A komodo dragon (D)
  2 cane toads (D)
  A rime drake (D)
  2 tyrant leeches (D)
  A queen bee (D)
  4 spriggan defenders (D)
  6 slime creatures (D)
  A slime creature (shapeshifter) (D)
  3 wandering mushrooms (D)
  8 blink frogs (D)
  2 spriggans (D)
  A shadow (D)
  5 redbacks (D)
  2 nagas (D)
  6 water moccasins (D)
  A spatial vortex (D)
  3 hydra simulacra (D)
  2 black mamba simulacra (D)
  2 swamp drakes (D)
  A necrophage (D)
  5 two-headed ogres (D)
  A water elemental (D)
  32 killer bees (D)
  An electric eel (D)
  A jelly (D)
  5 orc priests (D)
  Jessica (D)
  An orc wizard (D)
  A wizard (D)
  2 necromancers (D)
  A wolf simulacrum (D)
  3 humans (D)
  A kobold demonologist (D)
  2 adders (D)
  A phantom (D)
  3 orcs (D)
  2 endoplasms (D)
  A rat (D)
  9 butterflies (D)
  A plant (D)
232 creatures vanquished.

Vanquished Creatures (collateral kills)
  Mara (D)
  Sojobo (D)
  Sigmund (D)
  A titan (D)
  Gastronok (D)
  3 vault guards (D)
  3 swamp dragons (D)
  Edmund (D)
  2 orc high priests (D)
  A swamp drake (D)
  3 orc priests (D)
  3 orc wizards (D)
  5 orcs (D)
26 creatures vanquished.

Vanquished Creatures (others)
  A bush (D)
  19 plants (D)
20 creatures vanquished.

Grand Total: 278 creatures vanquished

Notes
Turn   | Place    | Note
-------+----------+-------------------------------------------
     0 | D        | boopmooplesden the Minotaur Berserker began the quest for
                  | the Orb.
     0 | D        | Reached XP level 1. HP: 19/19 MP: 0/0
     5 | D        | Reached skill level 4 in Polearms
    24 | D        | Noticed Jessica
    28 | D        | Killed Jessica
    28 | D        | Reached ** piety under Trog
    29 | D        | Reached skill level 5 in Fighting
    29 | D        | Reached skill level 5 in Polearms
    29 | D        | Reached XP level 2. HP: 26/30 MP: 1/1
    29 | D        | Reached XP level 3. HP: 32/37 MP: 2/2
   161 | D        | Reached skill level 6 in Polearms
   320 | D        | Gained mutation: You have a pair of large horns on your
                  | head. [potion of mutation]
   321 | D        | Lost mutation: You have a pair of large horns on your head.
                  | [potion of mutation]
   321 | D        | Gained mutation: You are agile. (Dex +2) [potion of
                  | mutation]
   321 | D        | Gained mutation: You are partially covered in iridescent
                  | scales. (AC +2) [potion of mutation]
   324 | D        | Noticed a water elemental
   332 | D        | Killed a water elemental
   332 | D        | Reached *** piety under Trog
   333 | D        | Reached skill level 7 in Polearms
   333 | D        | Reached XP level 4. HP: 4/47 MP: 3/3
   617 | D        | Found a basalt altar of Yredelemnul.
   617 | D        | Found a shadowy altar of Dithmenos.
   617 | D        | Found a sacrificial altar of Ru.
   617 | D        | Noticed a necrophage
   624 | D        | Reached skill level 8 in Polearms
   628 | D        | Killed a necrophage
   629 | D        | Reached skill level 9 in Polearms
   629 | D        | Reached skill level 5 in Dodging
   629 | D        | Reached XP level 5. HP: 57/57 MP: 4/4
   663 | D        | Found a hide-covered altar of Uskayaw.
   663 | D        | Found an iron altar of Okawaru.
   663 | D        | Found a bloodstained altar of Trog.
   663 | D        | Found an ornate altar of the Wu Jian Council.
   663 | D        | Noticed a human
   663 | D        | Noticed a human
   670 | D        | Killed a human
   671 | D        | Reached skill level 10 in Fighting
   671 | D        | Reached skill level 11 in Polearms
   671 | D        | Reached skill level 5 in Armour
   671 | D        | Reached XP level 6. HP: 67/67 MP: 5/5
   673 | D        | Killed a human
   673 | D        | Reached **** piety under Trog
   724 | D        | Found a glowing silver altar of Zin.
   724 | D        | Found a glowing golden altar of the Shining One.
   724 | D        | Found a white marble altar of Elyvilon.
   724 | D        | Noticed a deep elf pyromancer
   733 | D        | Killed a deep elf pyromancer
   734 | D        | Reached skill level 13 in Polearms
   734 | D        | Reached skill level 1 in Stealth
   734 | D        | Reached XP level 7. HP: 70/78 MP: 6/6
   865 | D        | Found a radiant altar of Vehumet.
   865 | D        | Found a shimmering blue altar of Sif Muna.
   865 | D        | Found an ancient bone altar of Kikubaaqudgha.
   891 | D        | Noticed a shadow
   902 | D        | Killed a shadow
   902 | D        | Reached ***** piety under Trog
   903 | D        | Reached XP level 8. HP: 57/86 MP: 7/7
   908 | D        | Reached skill level 14 in Polearms
  1072 | D        | Found a blossoming altar of Fedhas.
  1072 | D        | Found a stormy altar of Qazlal.
  1072 | D        | Found a snail-covered altar of Cheibriados.
  1072 | D        | Found a burning altar of Makhleb.
  1072 | D        | Found a shimmering altar of Xom.
  1073 | D        | Found a hazy altar of Hepliaklqana.
  1073 | D        | Found an opulent altar of Gozag.
  1073 | D        | Found a sparkling altar of Nemelex Xobeh.
  1073 | D        | Found a corrupted altar of Lugonu.
  1073 | D        | Found a viscous altar of Jiyva.
  1422 | D        | Noticed a two-headed ogre
  1433 | D        | Killed a two-headed ogre
  1434 | D        | Reached skill level 15 in Polearms
  1633 | D        | Received a gift from Trog
  1633 | D        | Reached ****** piety under Trog
  1638 | D        | Found Yluijanya's Jewellery Shop.
  1656 | D        | Received a gift from Trog
  1657 | D        | Reached XP level 9. HP: 28/96 MP: 8/8
  1971 | D        | Noticed Erolcha
  1971 | D        | Noticed a two-headed ogre
  1976 | D        | Killed a two-headed ogre
  1977 | D        | Reached skill level 15 in Fighting
  1977 | D        | Reached skill level 1 in Evocations
  1987 | D        | Reached skill level 16 in Polearms
  2007 | D        | Killed Erolcha
  2312 | D        | Noticed Edmund
  2314 | D        | Noticed Sigmund
  2317 | D        | Killed Edmund
  2318 | D        | Reached skill level 17 in Polearms
  2318 | D        | Killed Sigmund
  2319 | D        | Reached skill level 18 in Polearms
  2319 | D        | Reached skill level 10 in Dodging
  2319 | D        | Reached XP level 10. HP: 62/111 MP: 9/9
  2601 | D        | Received a gift from Trog
  2613 | D        | Reached skill level 10 in Armour
  2633 | D        | Received a gift from Trog
  2662 | D        | Identified the +7 spear "Ecehuwku" {vorpal, rElec Will++
                  | Str-3 Dex+4} (Trog gifted it to you in the Dungeon)
  2662 | D        | Received a gift from Trog
  2729 | D        | Received a gift from Trog
  2785 | D        | Reached skill level 19 in Polearms
  3053 | D        | Noticed a cane toad
  3053 | D        | Noticed a cane toad
  3057 | D        | Killed a cane toad
  3058 | D        | Reached XP level 11. HP: 121/121 MP: 10/10
  3061 | D        | Received a gift from Trog
  3142 | D        | Received a gift from Trog
  3143 | D        | Reached skill level 20 in Polearms
  3147 | D        | Noticed a lindwurm
  3153 | D        | Killed a lindwurm
  3288 | D        | Noticed Urug
  3291 | D        | Killed Urug
  3561 | D        | Noticed a four-headed hydra
  3561 | D        | Noticed an eight-headed hydra
  3571 | D        | Killed an eight-headed hydra
  3575 | D        | Killed a four-headed hydra
  3575 | D        | Received a gift from Trog
  3930 | D        | Noticed a death drake
  3939 | D        | Killed a death drake
  3940 | D        | Reached skill level 21 in Polearms
  4249 | D        | Found a blossoming altar of Fedhas.
  4249 | D        | Noticed a spriggan druid
  4262 | D        | Killed a spriggan druid
  4505 | D        | Noticed a swamp dragon
  4510 | D        | Noticed a swamp dragon
  4520 | D        | Noticed a swamp dragon
  4530 | D        | Killed a swamp dragon
  4530 | D        | Received a gift from Trog
  4532 | D        | Killed a swamp dragon
  4535 | D        | Killed a swamp dragon
  4536 | D        | Reached skill level 15 in Armour
  4749 | D        | Noticed a swamp dragon
  4756 | D        | Killed a swamp dragon
  4773 | D        | Noticed a swamp dragon
  4793 | D        | Killed a swamp dragon
  4794 | D        | Reached skill level 22 in Polearms
  4794 | D        | Reached XP level 12. HP: 132/134 MP: 11/11
  4958 | D        | Found Hupeam's Jewellery Emporium.
  4958 | D        | Found Nuthuzo's Antique Armour Shop.
  4958 | D        | Found Fenlimuju's Distillery.
  4965 | D        | Bought the amulet of the City {RegenMP Fragile rElec rPois
                  | Dex+5} for 637 gold pieces
  4971 | D        | Bought an opal-studded plate armour for 476 gold pieces
  4971 | D        | Identified the +0 plate armour of Least Resistance {*Slow
                  | rC+ rCorr Dex+2} (You bought it in a shop in the Dungeon)
  4983 | D        | Bought a glowing buckler for 127 gold pieces
  4997 | D        | Noticed a five-headed hydra
  4997 | D        | Noticed the 27-headed Lernaean hydra
  5009 | D        | Killed the 27-headed Lernaean hydra
  5013 | D        | Killed a five-headed hydra
  5049 | D        | Got a decaying rune of Zot
  5206 | D        | Bought a ring of see invisible for 180 gold pieces
  5206 | D        | Bought a ring of protection from fire for 300 gold pieces
  5265 | D        | Identified the amulet of Woinuef {RegenMP rPois rC+ Str+7
                  | Slay-3}
  5565 | D        | Received a gift from Trog
  5601 | D        | Noticed a dire elephant
  5608 | D        | Noticed a dire elephant
  5608 | D        | Noticed Gastronok
  5623 | D        | Killed a dire elephant
  5623 | D        | Received a gift from Trog
  5638 | D        | Killed a dire elephant
  5639 | D        | Reached skill level 1 in Shields
  5653 | D        | Killed Gastronok
  5654 | D        | Reached skill level 23 in Polearms
  5996 | D        | Noticed an azure jelly
  5996 | D        | Noticed an azure jelly
  5996 | D        | Noticed an azure jelly
  5996 | D        | Noticed an azure jelly
  5998 | D        | Noticed Rupert
  6012 | D        | Killed Rupert
  6066 | D        | Noticed a death yak
  6067 | D        | Noticed a death yak
  6067 | D        | Noticed a death yak
  6071 | D        | Noticed a death yak
  6078 | D        | Killed a death yak
  6085 | D        | Killed a death yak
  6092 | D        | Killed a death yak
  6092 | D        | Received a gift from Trog
  6093 | D        | Reached skill level 5 in Stealth
  6097 | D        | Killed a death yak
  6109 | D        | Reached XP level 13. HP: 113/144 MP: 12/12
  6402 | D        | Identified the +10 demon trident of Midwinter {vorpal,
                  | rC++} (Trog gifted it to you in the Dungeon)
  6402 | D        | Received a gift from Trog
  6422 | D        | Reached skill level 5 in Shields
  6456 | D        | Received a gift from Trog
  6779 | D        | Noticed a nagaraja
  6798 | D        | Killed a nagaraja
  6804 | D        | Received a gift from Trog
  6806 | D        | Found Ciuw's Book Boutique.
  6806 | D        | Found Piucryg's Distillery.
  6808 | D        | Found Muafoat's Antique Armour Shop.
  6922 | D        | Got a serpentine rune of Zot
  6934 | D        | Bought a pair of gloves for 112 gold pieces
  6940 | D        | Bought a potion of heal wounds for 60 gold pieces
  7067 | D        | Reached skill level 24 in Polearms
  7108 | D        | Received a gift from Trog
  7123 | D        | Found Roudevuu's Antique Armour Emporium.
  7123 | D        | Found Duxiro's Antique Weapon Shop.
  7123 | D        | Found Ycveipt's Antique Weapon Boutique.
  7123 | D        | Found Diagielu's Book Shoppe.
  7123 | D        | Found Kour's Antique Weapon Emporium.
  7123 | D        | Found Nuaploar's Assorted Antiques.
  7123 | D        | Found Ficlotto's Assorted Antiques.
  7123 | D        | Found Qoyrac's Jewellery Shop.
  7123 | D        | Found Zufoinao's Magic Scroll Emporium.
  7123 | D        | Found Vatiteic's Distillery.
  7123 | D        | Found Forr's Antique Weapon Boutique.
  7157 | D        | Bought a scroll of enchant weapon for 105 gold pieces
  7157 | D        | Bought a scroll of enchant armour for 105 gold pieces
  7157 | D        | Bought a scroll of enchant weapon for 105 gold pieces
  7157 | D        | Bought a scroll of enchant armour for 105 gold pieces
  7304 | D        | Received a gift from Trog
  7467 | D        | Noticed a fire dragon
  7472 | D        | Killed a fire dragon
  7523 | D        | Reached skill level 10 in Shields
  7532 | D        | Received a gift from Trog
  7659 | D        | Received a gift from Trog
  7660 | D        | Reached XP level 14. HP: 157/157 MP: 13/13
  7751 | D        | Reached skill level 10 in Stealth
  8378 | D        | Received a gift from Trog
  8604 | D        | Noticed a lich
  8614 | D        | Killed a lich
  8614 | D        | Received a gift from Trog
  8615 | D        | Reached skill level 25 in Polearms
  8693 | D        | Noticed Chuck
  8715 | D        | Killed Chuck
  9043 | D        | Noticed Sojobo
  9046 | D        | Received a gift from Trog
  9055 | D        | Paralysed by an air elemental for 1 turns
  9059 | D        | Paralysed by an air elemental for 1 turns
  9071 | D        | Killed Sojobo
  9355 | D        | Noticed a lich
  9359 | D        | Killed a lich
  9367 | D        | Noticed a shadow dragon
  9367 | D        | Noticed a shadow dragon
  9370 | D        | Received a gift from Trog
  9384 | D        | Killed a shadow dragon
  9396 | D        | Killed a shadow dragon
  9719 | D        | Noticed a shadow dragon
  9719 | D        | Noticed a frost giant
  9719 | D        | Noticed a fire giant
  9719 | D        | Noticed a quicksilver dragon
  9719 | D        | Noticed a stone giant
  9719 | D        | Noticed a golden dragon
  9719 | D        | Noticed a stone giant
  9724 | D        | Noticed a titan
  9733 | D        | Received a gift from Trog
  9739 | D        | Killed a fire giant
  9739 | D        | Received a gift from Trog
  9740 | D        | Killed a frost giant
  9741 | D        | Reached skill level 15 in Shields
  9741 | D        | Killed a quicksilver dragon
  9741 | D        | Killed a stone giant
  9742 | D        | Reached skill level 26 in Polearms
  9743 | D        | Killed a stone giant
  9743 | D        | Identified the +3 trident of Moderation {flame, Will+ Dex+4
                  | Stlth+} (Trog gifted it to you in the Dungeon)
  9743 | D        | Received a gift from Trog
  9746 | D        | Killed a shadow dragon
  9750 | D        | Killed a titan
  9750 | D        | Received a gift from Trog
  9751 | D        | Reached XP level 15. HP: 98/171 MP: 14/14
  9771 | D        | Killed a golden dragon
  9779 | D        | Received a gift from Trog
  9826 | D        | Identified the +7 spear "Dragonslayer" {venom, Dex+4 SInv}
  9847 | D        | Got a silver rune of Zot
 10114 | D        | Paralysed by an air elemental for 1 turns
 10121 | D        | Paralysed by an air elemental for 1 turns
 10353 | D        | Noticed Mara
 10365 | D        | Identified the +9 halberd "Zemiuxzu" {vorpal, rC+} (Trog
                  | gifted it to you in the Dungeon)
 10365 | D        | Received a gift from Trog
 10383 | D        | Noticed boopmooplesden's illusion
 10402 | D        | Noticed boopmooplesden's illusion
 10402 | D        | Killed Mara
 10905 | D        | Noticed Boris
 10916 | D        | Killed Boris
 10917 | D        | Reached skill level 27 in Polearms
 10929 | D        | Reached skill level 15 in Stealth
 10944 | D        | Received a gift from Trog
 11201 | D        | Noticed Mennas
 11240 | D        | HP: 3/173 [Mennas/+2 sacred scourge of holy wrath (8)]
 11243 | D        | HP: 1/173 [Mennas/+2 sacred scourge of holy wrath (2)]
 11246 | D        | Slain by Mennas

Illustrated notes

Levels and vault maps discovered:
D:        dungeon_sprint_mu [sprint_mu_entry_forest, sprint_mu_temple_rooms,
          sprint_mu_d1_spiders, sprint_mu_d2_genie, sprint_mu_d3_branching,
          sprint_mu_orc_legion, sprint_mu_elf_gauntlet, sprint_mu_hive_nellie,
          sprint_mu_lair_fedhas, sprint_mu_vaults_butterflies,
          sprint_mu_slime_circle, sprint_mu_swamp_cave, sprint_mu_snake_twists,
          sprint_mu_blade_basic, sprint_mu_crypt_fortress,
          sprint_mu_tomb_spiral, sprint_mu_vestibule_basic,
          sprint_mu_gehenna_hellfire, sprint_mu_dis_giant,
          sprint_mu_tartarus_statrot, sprint_mu_cocytus_islands, sprint_mu_zot1]

Skill      XL: |  1  2  3  4  5  6  7  8  9 10 11 12 13 14 15 |
---------------+----------------------------------------------+-----
Fighting       | 5 7 9 10 12 13 14 17 18 20 21 23 25 26 | 26.8
Polearms       | 5 7 9 11 13 15 18 19 22 23 24 26 27 | 27.0
Armour         | 3 4 5 6 7 9 11 15 19 21 23 24 | 24.0
Dodging        | 3 4 5 7 8 10 11 12 13 14 | 14.2
Stealth        | 1 3 5 9 13 15 | 15.2
Evocations     | 3 |  3.9
Shields        | 3 11 17 20 | 20.7

Action                   |  1- 3 |  4- 6 |  7- 9 | 10-12 | 13-15 || total
-------------------------+-------+-------+-------+-------+-------++-------
Melee: Spear             |    28 |    21 |    55 |   242 |    29 ||   375
       Headbutt          |     2 |     2 |    16 |    77 |   125 ||   222
       Punch             |       |       |     1 |     1 |       ||     2
       Glaive            |       |       |    13 |    82 |       ||    95
       Demon trident     |       |       |       |       |   429 ||   429
Invok: Berserk           |     3 |     3 |     5 |    13 |    14 ||    38
       Brothers in Arms  |       |       |     3 |     2 |     8 ||    13
       Trog's Hand       |       |       |       |       |     1 ||     1
Evoke: Wand              |       |     1 |       |       |       ||     1
       Lightning rod     |       |       |     6 |       |     1 ||     7
       Condenser vane    |       |       |       |       |     2 ||     2
       Tin of tremorston |       |       |       |       |     1 ||     1
  Use: Potion            |     2 |       |     6 |     1 |     3 ||    12
       Scroll            |       |       |       |       |    11 ||    11
 Stab: Sleeping          |       |       |       |       |     1 ||     1
Armor: Robe              |     1 |       |     4 |       |       ||     5
       Chain mail        |       |       |     6 |    62 |       ||    68
       Swamp dragon scal |       |       |       |     2 |       ||     2
       Plate armour      |       |       |       |    47 |   182 ||   229
Dodge: Dodged            |     7 |     7 |    54 |   207 |   224 ||   499
Block: Buckler           |       |       |       |    31 |    98 ||   129
       Tower shield      |       |       |       |       |   231 ||   231
       Reflection        |       |       |       |       |     2 ||     2
